 Dungeon Crawl Stone Soup version 0.16.1-30-g34a7ffa (webtiles) character file.

62164 Sygtswag the Prestidigitator (level 14, -1/99 HPs)
             Began as a High Elf Hunter on June 13, 2015.
             Was the Champion of Okawaru.
             Shot with a bolt by a naga sharpshooter (26 damage)
             ... on level 2 of the Snake Pit.
             The game lasted 02:17:19 (21418 turns).

Sygtswag the Prestidigitator (High Elf Hunter)     Turns: 21418, Time: 02:17:19

Health: -1/99      AC: 20    Str: 11    XL:     14   Next: 63%
Magic:  32/32      EV: 17    Int: 17    God:    Okawaru [******]
Gold:   1438       SH:  0    Dex: 23    Spells: 2 memorised, 14 levels left

rFire  + . .     SeeInvis .     R - +4 lajatang (elec)
rCold  . . .     Clarity  .     T - +3 scale mail of Tiyff {rPois rF+ Regen+ Int-5 Stlth+}
rNeg   . . .     SustAb   .     (no shield)
rPois  +         Gourm    +     C - +2 helmet {Int+3}
rElec  .         Spirit   .     l - +0 cloak
rCorr  .         Warding  .     y - +0 pair of gloves {Dex+3}
rMut   .         Stasis   .     r - +2 pair of boots
MR     +....                    J - amulet of the gourmand
Stlth  +++.......               m - ring of stealth
                                S - +2 ring of intelligence

@: very slightly contaminated, studying Evocations, invisible, somewhat
resistant to hostile enchantments, fairly stealthy
A: no striking features
a: Heroism, Finesse, Renounce Religion


You were on level 2 of the Snake Pit.
You worshipped Okawaru.
Okawaru was exalted by your worship.
You were full.

You visited 4 branches of the dungeon, and saw 21 of its levels.
You also visited: Labyrinth and Volcano.

You collected 1523 gold pieces.
You spent 85 gold pieces at shops.

Inventory:

Hand weapons
 p - a +4 scimitar of flaming
 B - the +5 blowgun of the Twelve Suns {speed, Int+2 Stlth+}
   (You found it in a labyrinth)

   Attacks with this weapon are significantly faster.
   It affects your intelligence (+2).
   It makes you more stealthy.
 H - the +8 quarterstaff "Omulumn" {venom, rPois rN++ MP-9 Dex+4}
   (Okawaru gifted it to you on level 8 of the Lair of Beasts)

   It poisons the flesh of those it strikes.
   It affects your dexterity (+4).
   It protects you from poison.
   It greatly protects you from negative energy.
   It affects your magic capacity (-9).
 R - a +4 lajatang of electrocution (weapon)
Missiles
 u - 4 steel javelins (quivered)
 Y - 6 needles of slowing
Armour
 l - a +0 cloak (worn)
 r - a +2 pair of boots (worn)
 y - a +0 pair of gloves of dexterity (worn)
 C - a +2 helmet of intelligence (worn)
 T - the +3 scale mail of Tiyff (worn) {rPois rF+ Regen+ Int-5 Stlth+}
   (Okawaru gifted it to you on level 1 of the Lair of Beasts)

   It affects your intelligence (-5).
   It protects you from fire.
   It protects you from poison.
   It increases your rate of regeneration.
   It makes you more stealthy.
Magical staves
 G - an uncursed staff of conjuration
Jewellery
 m - a ring of stealth (right hand)
 v - an uncursed ring of fire
 I - an uncursed ring of wizardry
 J - an amulet of the gourmand (around neck)
 S - a +2 ring of intelligence (left hand)
 U - an uncursed ring of magical power
Magical devices
 b - a wand of slowing (24)
 n - a wand of draining (6)
 o - a wand of paralysis (12)
 q - a wand of draining (3)
 s - a wand of digging (12)
 w - a wand of paralysis (12)
 O - a wand of cold (4)
 P - a wand of fireball (4)
Scrolls
 h - 10 scrolls of remove curse
 i - 6 scrolls of teleportation
 z - 4 scrolls of amnesia
 D - 5 scrolls of identify
 X - a scroll of fear
 Z - 2 scrolls of holy word
Potions
 c - a potion of cure mutation
 e - 2 potions of restore abilities
 j - a potion of brilliance
 k - a potion of magic
 E - a potion of agility
 N - 2 potions of resistance
 Q - 4 potions of might
 W - a potion of ambrosia
Books
 A - a book of Conjurations

   Spells                             Type                      Level
   a - Magic Dart                     Conjuration                  1
   b - Searing Ray                    Conjuration                  2
   c - Dazzling Spray                 Conjuration/Hexes            3
   d - Fulminant Prism                Conjuration/Hexes            4
   e - Iskenderun's Mystic Blast      Conjuration                  4
   f - Iskenderun's Battlesphere      Conjuration/Charms           5
 F - a manual of Evocations
 M - an Akashic Record {highlevel, unknown}

   This book is beyond your current level of understanding.

   Spells                             Type                      Level
   a - Dispersal                      Translocation                6
   b - Controlled Blink               Translocation                7
   c - Malign Gateway                 Summoning/Translocation      7
   d - Disjunction                    Translocation                8
   e - Singularity                    Translocation                9
 V - a book of Dreams

   Spells                             Type                      Level
   a - Ensorcelled Hibernation        Hexes/Ice                    2
   b - Flight                         Charms/Air                   3
   c - Phase Shift                    Translocation                5
   d - Shadow Creatures               Summoning                    5
   e - Mass Confusion                 Hexes                        6
   f - Darkness                       Hexes                        7
Comestibles
 a - 3 slices of pizza
 d - 10 meat rations
 f - 13 bread rations
 t - 8 beef jerkies
 K - 9 royal jellies
 L - 13 fruits


   Skills:
 + Level 10.5 Fighting
   Level 2.2(2.4) Short Blades
 - Level 1.3(2.0) Long Blades
 * Level 13.9 Staves
 - Level 7.0 Throwing
 + Level 8.7 Armour
 + Level 11.2 Dodging
 - Level 1.1 Stealth
 + Level 5.2 Spellcasting
 + Level 5.1 Conjurations
 - Level 2.1 Translocations
 + Level 4.4 Invocations
 * Level 14.4 Evocations


You had 14 spell levels left.
You knew the following spells:

 Your Spells              Type           Power        Failure   Level  Hunger
a - Phase Shift           Tloc           ##........   100%        5    ######.
b - Iskenderun's Mystic   Conj           ###.....     83%         4    ####...


Dungeon Overview and Level Annotations

Branches:
Dungeon (10/15)            Temple (1/1) D:5            Lair (8/8) D:10
  Swamp (0/5) Lair:5        Snake (2/5) Lair:4        Slime (0/6) Lair:6
    Orc (0/4) D:9

Altars:
Ashenzari
Cheibriados
Dithmenos
Elyvilon
Fedhas
Gozag
Kikubaaqudgha
Makhleb
Nemelex Xobeh
Okawaru
Qazlal
Ru
Sif Muna
Trog
Vehumet
Xom
Yredelemnul
Zin
The Shining One
Jiyva

Shops:
D:4 *   Snake:1 %   Snake:2 %

Annotations:
D:8 1 runed door
Lair:2 exclusion: oklob plant
Lair:6 1 runed door


Message History

The floor.
Drink which item? (? for menu, Esc to quit)
You feel better.
The naga sharpshooter shoots a bolt.
The bolt hits you.
* * * LOW HITPOINT WARNING * * *
You slice the naga sharpshooter!!
The naga sharpshooter is almost dead.
The naga sharpshooter spits poison at you.
The splash of poison hits you! You resist.
You slash the naga sharpshooter!
There is a sudden explosion of sparks!
You kill the naga sharpshooter!
Okawaru accepts your kill.
Read which item? (? for menu, Esc to quit)
As you read the scroll of teleportation, it crumbles to dust.
You feel strangely unstable.
You see here a bolt.
Your surroundings suddenly seem different.
The naga spits poison at you. The splash of poison hits you! You resist.
The naga sharpshooter shoots a bolt.
The bolt hits you!!
You die...

.....### ### .
#.......##### #.. N##
##...#......###.. ...
.................
#####.####.......#####...
......%...N...............
#.(##......########.
##.(#N..N....######.
#######@(#####.#...#...#
#....###N#####.###.#....
#.....(..^..............
######.......##..###....
###...#..##.#)(.#.!
#....#..#.#>.(##.
#.....#(:.....##.
#...#..##..<.###.
#...##.##....##..


You could see a naga sharpshooter and 2 nagas.

Vanquished Creatures
  Maud (Lair:3)
  The ghost of Tynka the Basher, a powerful DDFi of Makhleb (Lair:7)
  A minotaur (Lab)
  4 naga warriors
  4 anacondas
  A hydra (Lair:6)
  Erica (Lair:4)
  9 death yaks (Lair:7)
  A shock serpent (Snake:2)
  4 naga sharpshooters (Snake:2)
  A hill giant (D:10)
  7 mana vipers
  Pikel (D:4)
  2 salamanders
  A griffon (Lair:4)
  2 hornets (Lair:8)
  A wolf spider (Lair:8)
  A toenail golem (Volcano)
  16 black mambas
  4 naga magi
  A guardian serpent (Lair:8)
  An efreet (Volcano)
  Psyche (D:9)
  A centaur skeleton (D:10)
  15 spiny frogs
  8 komodo dragons
  2 fire drakes
  3 red devils (Volcano)
  2 giant leeches (Lair:5)
  2 trolls
  2 boulder beetles (Lair:6)
  2 ravens (Lair:7)
  5 blink frogs (Lair:6)
  A basilisk (Lair:5)
  4 shadows (Lab)
  3 wyverns
  5 hungry ghosts
  31 yaks
  3 hippogriffs
  5 vampire mosquitoes (Lair:5)
  20 nagas
  28 water moccasins
  9 wolves
  13 porcupines
  A hell hound (Volcano)
  2 soldier ants (D:9)
  2 orc warriors
  A phantom (D:10)
  4 spiders (Lair:8)
  7 ogres
  A sky beast (D:5)
  2 ice beasts
  A boring beetle (Lair:8)
  2 wasps (Lair:8)
  5 centaurs
  An eye of draining (D:8)
  17 crocodiles
  Duvessa (D:6)
  7 giant frogs
  2 big kobolds
  3 scorpions
  4 wights (D:8)
  2 goliath beetles
  2 lava snakes (Lair:2)
  3 electric eels
  6 killer bees (D:10)
  Dowan (D:6)
  4 crimson imps
  4 orc priests
  3 giant frog zombies
  10 hounds
  6 iguanas
  A giant frog skeleton (D:10)
  6 orc wizards
  12 worker ants
  15 sheep
  Jessica (D:3)
  24 adders
  4 gnolls (D:4)
  56 river rats
  4 worker ant zombies
  An adder zombie (D:6)
  8 giant geckos
  An ooze (D:4)
  32 orcs
  16 bats
  2 bat skeletons
  2 bat zombies
  7 giant cockroaches
  19 goblins
  18 hobgoblins
  12 jackals
  22 kobolds
  19 quokkas
  2 ball pythons
  6 giant newts
  A jackal skeleton (D:3)
  13 rats
  3 ballistomycetes
  A fungus (Lair:2)
  5 plants
647 creatures vanquished.

Vanquished Creatures (collateral kills)
  A spiny frog (Lair:1)
1 creature vanquished.

Vanquished Creatures (others)
  A deep elf mage (D:10)
  A sky beast (D:10)
  A giant frog (Lair:1)
  A hound (D:10)
  A giant gecko (D:4)
  2 giant spores
  A butterfly (D:4)
  7 fungi
  8 plants
23 creatures vanquished.

Grand Total: 671 creatures vanquished

Notes
Turn   | Place    | Note
--------------------------------------------------------------
     0 | D:1      | Sygtswag, the High Elf Hunter, began the quest for the Orb.
     0 | D:1      | Reached XP level 1. HP: 14/14 MP: 2/2
    89 | D:1      | Reached skill level 1 in Short Blades
   140 | D:1      | Reached XP level 2. HP: 19/19 MP: 3/3
   713 | D:2      | Reached XP level 3. HP: 24/24 MP: 5/5
  1273 | D:3      | Reached skill level 5 in Throwing
  1315 | D:3      | Reached XP level 4. HP: 30/30 MP: 7/7
  1480 | D:3      | Reached skill level 1 in Long Blades
  2071 | D:3      | Noticed Jessica
  2075 | D:3      | Killed Jessica
  2075 | D:3      | Reached skill level 1 in Staves
  2114 | D:4      | Found Viwamear's Assorted Antiques.
  2123 | D:4      | Reached skill level 1 in Armour
  2123 | D:4      | Reached XP level 5. HP: 35/35 MP: 8/8
  2152 | D:4      | Bought a glowing helmet for 85 gold pieces
  2205 | D:4      | Noticed a centaur
  2217 | D:4      | Killed a centaur
  2296 | D:4      | Reached XP level 6. HP: 37/42 MP: 10/10
  2834 | D:4      | Noticed a slave
  2836 | D:4      | Noticed a slave
  2836 | D:4      | Noticed Pikel
  2837 | D:4      | Noticed a slave
  2837 | D:4      | Noticed an ogre
  2838 | D:4      | Noticed a slave
  2866 | D:4      | Killed Pikel
  2866 | D:4      | Reached XP level 7. HP: 27/48 MP: 12/12
  2879 | D:5      | Entered Level 5 of the Dungeon
  3123 | D:4      | Killed an ogre
  3123 | D:4      | Reached skill level 5 in Staves
  3123 | D:4      | Reached skill level 5 in Dodging
  3123 | D:4      | Reached XP level 8. HP: 38/54 MP: 13/13
  3402 | D:5      | Reached skill level 5 in Fighting
  3487 | D:5      | Found a staircase to the Ecumenical Temple.
  3495 | Temple   | Entered the Ecumenical Temple
  3693 | Temple   | Became a worshipper of Warmaster Okawaru
  3878 | D:5      | Reached skill level 6 in Staves
  3888 | D:6      | Noticed Dowan
  3896 | D:6      | Noticed Duvessa
  3925 | D:6      | Killed Duvessa
  3945 | D:6      | Killed Dowan
  4129 | D:6      | Acquired Okawaru's first power
  4284 | D:6      | Reached XP level 9. HP: 61/61 MP: 15/15
  5222 | D:7      | Reached skill level 7 in Staves
  6273 | D:7      | Found a stormy altar of Qazlal.
  6273 | D:7      | Found a burning altar of Makhleb.
  6425 | D:8      | Found a glowing golden altar of the Shining One.
  6488 | D:8      | Found a glowing silver altar of Zin.
  6488 | D:8      | Noticed an angel
  6489 | D:8      | Found a runed door.
  6591 | D:8      | Reached skill level 8 in Staves
  6695 | D:8      | Reached skill level 5 in Armour
  7099 | D:8      | Found an ancient bone altar of Kikubaaqudgha.
  7287 | D:9      | Found a glowing golden altar of the Shining One.
  7306 | D:9      | Found a basalt altar of Yredelemnul.
  7352 | D:9      | Found an opulent altar of Gozag.
  7427 | D:9      | Found a basalt altar of Yredelemnul.
  7477 | D:9      | Found a staircase to the Orcish Mines.
  7529 | D:9      | Reached XP level 10. HP: 42/69 MP: 17/17
  7802 | D:9      | Noticed Psyche
  7812 | D:9      | Killed Psyche
  8005 | D:9      | Found a bloodstained altar of Trog.
  8044 | D:10     | Entered Level 10 of the Dungeon
  8093 | D:10     | Reached skill level 9 in Staves
  9201 | D:10     | Noticed a hill giant
  9231 | D:10     | Killed a hill giant
  9231 | D:10     | Reached skill level 10 in Staves
  9623 | D:10     | Found a staircase to the Lair.
  9673 | D:10     | Reached XP level 11. HP: 70/75 MP: 18/18
  9795 | D:10     | Acquired Okawaru's second power
  9898 | Lair:1   | Entered Level 1 of the Lair of Beasts
 10059 | Lair:1   | Identified a scroll of acquirement
 10241 | Lair:1   | Reached skill level 1 in Evocations
 10613 | Lair:1   | Received a gift from Okawaru
 10614 | Lair:1   | Got a steaming scale mail {god gift}
 10625 | Lair:1   | Identified the +3 scale mail of Tiyff {rPois rF+ Regen+ Int-5 Stlth+} (Okawaru gifted it to you on level 1 of the Lair of Beasts)
 11642 | Lair:3   | Found a labyrinth entrance.
 11655 | Lab      | Entered a labyrinth
 12028 | Lab      | Reached skill level 5 in Evocations
 12042 | Lab      | Reached skill level 11 in Staves
 12085 | Lab      | Noticed a minotaur
 12100 | Lab      | Killed a minotaur
 12133 | Lab      | Got a crystal blowgun
 12183 | Lab      | Identified the +5 blowgun of the Twelve Suns {speed, Int+2 Stlth+} (You found it in a labyrinth)
 12670 | Lair:3   | Noticed Maud
 12720 | Lair:3   | Killed Maud
 12720 | Lair:3   | Received a gift from Okawaru
 13192 | Lair:4   | Reached XP level 12. HP: 84/84 MP: 26/26
 13228 | Lair:4   | Found a dark tunnel.
 13236 | Volcano  | Entered a volcano
 13768 | Lair:4   | Received a gift from Okawaru
 13941 | Lair:4   | Found a staircase to the Snake Pit.
 13977 | Lair:4   | Noticed Erica
 14001 | Lair:4   | Killed Erica
 14453 | Lair:4   | Reached skill level 12 in Staves
 14533 | Lair:5   | Reached skill level 10 in Evocations
 14718 | Lair:5   | Learned a level 5 spell: Phase Shift
 14724 | Lair:5   | Learned a level 5 spell: Gell's Gravitas
 15001 | Lair:5   | Received a gift from Okawaru
 15010 | Lair:5   | Got a slimy quarterstaff {god gift}
 15011 | Lair:5   | Identified the +3 quarterstaff "Huculon" {antimagic, Dex+5} (Okawaru gifted it to you on level 5 of the Lair of Beasts)
 15178 | Lair:5   | Found a staircase to the Swamp.
 15270 | Lair:5   | Reached skill level 1 in Spellcasting
 15682 | Lair:6   | Reached skill level 1 in Translocations
 15687 | Lair:6   | Reached skill level 10 in Dodging
 15706 | Lair:6   | Learned a level 4 spell: Iskenderun's Mystic Blast
 15996 | Lair:6   | Found a runed door.
 15997 | Lair:6   | Found a viscous altar of Jiyva.
 15998 | Lair:6   | Noticed an acid blob
 15998 | Lair:6   | Noticed an acid blob
 15998 | Lair:6   | Noticed an acid blob
 16000 | Lair:6   | Found a staircase to the Slime Pits.
 16231 | Lair:6   | Received a gift from Okawaru
 16231 | Lair:6   | Reached XP level 13. HP: 79/90 MP: 29/29
 16245 | Lair:6   | Reached skill level 1 in Conjurations
 16832 | Lair:7   | Received a gift from Okawaru
 16858 | Lair:7   | Got a pair of ancient boots {god gift}
 16869 | Lair:7   | Identified the -2 pair of boots "Atumaurgh" {MR+} (Okawaru gifted it to you on level 7 of the Lair of Beasts)
 16916 | Lair:7   | Reached skill level 1 in Invocations
 17103 | Lair:7   | Noticed Tynka's ghost (powerful DDFi)
 17124 | Lair:7   | Killed Tynka's ghost
 17741 | Lair:7   | Reached skill level 13 in Staves
 17799 | Lair:7   | Reached skill level 10 in Fighting
 17823 | Lair:8   | Entered Level 8 of the Lair of Beasts
 18562 | Lair:8   | Received a gift from Okawaru
 18778 | Lair:8   | Received a gift from Okawaru
 18826 | Lair:8   | Received a gift from Okawaru
 19069 | Lair:8   | Received a gift from Okawaru
 19083 | Lair:8   | Reached XP level 14. HP: 81/99 MP: 32/32
 19089 | Lair:8   | Got a twisted quarterstaff {god gift}
 19090 | Lair:8   | Identified the +8 quarterstaff "Omulumn" {venom, rPois rN++ MP-9 Dex+4} (Okawaru gifted it to you on level 8 of the Lair of Beasts)
 19300 | Lair:6   | Noticed a seven-headed hydra
 19311 | Lair:6   | Killed a three-headed hydra
 19392 | Snake:1  | Entered Level 1 of the Snake Pit
 19951 | Snake:1  | Received a gift from Okawaru
 20175 | Snake:1  | Found Klusyurgh's Food Emporium.
 20504 | Snake:1  | HP: 4/99 [black mamba[the player character] (14)]
 20723 | Snake:2  | Found Rimafyar's Food Emporium.
 20861 | Snake:2  | Reached skill level 14 in Evocations
 20922 | Snake:2  | Received a gift from Okawaru
 20922 | Snake:2  | Reached skill level 5 in Spellcasting
 21086 | Snake:2  | Reached skill level 5 in Conjurations
 21118 | Snake:2  | Got a pair of slimy boots
 21124 | Snake:2  | Identified the cursed -3 pair of boots "Xeatsuqyunn" {rPois Stlth+} (You found it on level 2 of the Snake Pit)
 21418 | Snake:2  | Shot with a bolt by a naga sharpshooter

Action                   |  1- 3 |  4- 6 |  7- 9 | 10-12 | 13-15 || total
-------------------------+-------+-------+-------+-------+-------++-------
Melee: Short sword       |    56 |       |       |       |       ||    56
       Long sword        |    11 |    46 |       |       |       ||    57
       Quarterstaff      |       |    99 |   572 |   802 |     3 ||  1476
       Great sword       |       |       |       |     5 |       ||     5
       Lajatang          |       |       |       |   332 |   781 ||  1113
       Scimitar          |       |       |       |       |     4 ||     4
 Fire: Blowgun           |       |       |     3 |    97 |     6 ||   106
Throw: Javelin           |    66 |    46 |    15 |       |     9 ||   136
       Throwing net      |     7 |     1 |       |       |       ||     8
       Tomahawk          |       |       |     8 |    30 |     6 ||    44
Invok: Heroism           |       |       |     2 |     2 |     3 ||     7
Evoke: Wand              |       |       |       |       |     3 ||     3
  Use: Scroll            |     4 |     4 |    13 |    22 |    12 ||    55
       Potion            |       |     2 |     3 |     2 |    10 ||    17
 Stab: Held in net/web   |       |     1 |       |       |       ||     1
       Sleeping          |       |       |     7 |    19 |    12 ||    38
       Distracted        |       |       |       |     1 |     1 ||     2
       Confused          |       |       |       |     1 |       ||     1
       Paralysed         |       |       |       |       |     4 ||     4
  Eat: Chunk             |     1 |     5 |    16 |    30 |    20 ||    72
       Royal jelly       |       |       |       |     1 |       ||     1
